 Dungeon Crawl Stone Soup version 0.21.0 (webtiles) character file.

313 Cecky the Gusty (level 6, 0/34 HPs)
             Began as a Deep Elf Air Elementalist on Jan 6, 2018.
             Killed by their own static electricity (2 damage)
             ... on level 4 of the Dungeon.
             The game lasted 00:14:46 (4515 turns).

Cecky the Gusty (Deep Elf Air Elementalist)         Turns: 4515, Time: 00:14:46

Health: 0/34       AC:  2    Str:  5    XL:     6   Next: 19%
Magic:  6/15       EV: 13    Int: 22    God:
Gold:   202        SH:  0    Dex: 15    Spells: 8/15 levels left

rFire    . . .     SeeInvis .   d - +2 dagger (elec)
rCold    . . .     Gourm    .   (no shield)
rNeg     + . .     Faith    .   a - +0 robe
rPois    .         Spirit   .   (no helmet)
rElec    .         Reflect  .   (no cloak)
rCorr    .         Harm     .   (no gloves)
MR       .....                  (no boots)
Stlth    ++........             (no amulet)
HPRegen  0.11/turn              t - ring of positive energy
MPRegen  0.14/turn              (no ring)

@: no status effects
A: no striking features
a: no special abilities


You were on level 4 of the Dungeon.
You were hungry.

You visited 1 branch of the dungeon, and saw 4 of its levels.

You collected 202 gold pieces.

Inventory:

Hand Weapons
 d - a +2 dagger of electrocution (weapon)
Armour
 a - a +0 robe (worn)
Jewellery
 i - an uncursed amulet of rage
 t - a ring of positive energy (left hand)
 u - an uncursed ring of resist corrosion {unknown}
Scrolls
 f - 4 scrolls of magic mapping
 k - a scroll of fear
 r - 2 scrolls of teleportation {unknown}
 w - a scroll of enchant armour {unknown}
Potions
 e - a potion of agility {unknown}
 g - a potion of magic {unknown}
 l - 2 potions of curing
 m - a potion of degeneration {unknown}
 n - a potion of heal wounds {unknown}
 o - 3 potions of brilliance {unknown}
 p - 3 potions of haste {unknown}
 q - 2 potions of invisibility {unknown}
 s - a potion of flight {unknown}
Books
 b - a book of Air

   Spells                             Type                      Level
   a - Shock                          Conjuration/Air              1
   b - Swiftness                      Charms/Air                   2
   c - Static Discharge               Conjuration/Air              3
   d - Airstrike                      Air                          4
   e - Lightning Bolt                 Conjuration/Air              5
 h - a book of Minor Magic

   Spells                             Type                      Level
   a - Magic Dart                     Conjuration                  1
   b - Blink                          Translocation                2
   c - Call Imp                       Summoning                    2
   d - Slow                           Hexes                        2
   e - Conjure Flame                  Conjuration/Fire             3
   f - Mephitic Cloud                 Conjuration/Poison/Air       3
Comestibles
 c - 7 rations


   Skills:
 - Level 1.5 Fighting
 + Level 1.0 Short Blades
 + Level 3.3 Dodging
 - Level 2.4 Stealth
 - Level 5.1 Spellcasting
 - Level 1.1 Conjurations
 + Level 5.2 Air Magic


You had 8 spell levels left.
You knew the following spells:

 Your Spells              Type           Power        Failure   Level  Hunger
a - Shock                 Conj/Air       ###.         2%          1    None
b - Static Discharge      Conj/Air       ###.....     9%          3    ##.....
c - Mephitic Cloud        Conj/Pois/Air  ##......     13%         3    ##.....


Dungeon Overview and Level Annotations

Branches:
Dungeon (4/15)
 Temple: D:4-7

Altars:

Annotations:
D:4 Dowan, Duvessa


Message History

You feel better.
The bullfrog skeleton hits you but does no damage.
You hit the bullfrog skeleton but do no damage.
The bullfrog skeleton is severely damaged.
The bullfrog skeleton barely misses you.
Casting: Shock
Confirm with . or Enter, or press ? or * to list all spells.
Aiming: Shock
Press: ? - help, Shift-Dir - straight line The zap hits the bullfrog skeleton.
The bullfrog skeleton is severely damaged.
The bullfrog skeleton hits you but does no damage.
The bullfrog skeleton hits you.
* * * LOW HITPOINT WARNING * * *
Casting: Shock
Confirm with . or Enter, or press ? or * to list all spells.
The bullfrog skeleton is struck by lightning.
The bullfrog skeleton is almost destroyed.
The lightning arcs!
You are struck by lightning.
You die...

#######........... .
#.......#.## .>.
#####..........#.....
#....................
#.............###.....
###......<.........#.#
###........####....
#.........## ..
####.....@†#
####...Z.....%.
##..........
#####...... ..%.#.
#..... ..##. #.#


You could see a bullfrog skeleton.

Vanquished Creatures
  A crimson imp (D:3)
  The ghost of Torax the Magician, a weakling SpCj (D:3)
  2 worker ants (D:4)
  Robin (D:4)
  4 gnolls (D:4)
  6 adders
  An ooze (D:2)
  2 worms
  3 dart slugs
  3 leopard geckos
  An orc (D:4)
  2 giant cockroaches (D:1)
  17 goblins
  10 hobgoblins
  A quokka (D:2)
  2 ball pythons
  5 bats
  6 frilled lizards
  13 kobolds
  7 rats
88 creatures vanquished.

Notes
Turn   | Place    | Note
-------+----------+-------------------------------------------
     0 | D:1      | Cecky the Deep Elf Air Elementalist began the quest for the Orb.
     0 | D:1      | Reached XP level 1. HP: 10/10 MP: 6/6
   221 | D:1      | Reached XP level 2. HP: 16/16 MP: 6/8
   715 | D:1      | Reached XP level 3. HP: 20/20 MP: 4/9
  1046 | D:2      | Learned a level 3 spell: Static Discharge
  1282 | D:2      | Reached skill level 1 in Fighting
  1284 | D:2      | Reached XP level 4. HP: 25/25 MP: 7/12
  2264 | D:3      | Learned a level 3 spell: Mephitic Cloud
  2407 | D:3      | Reached XP level 5. HP: 17/29 MP: 2/14
  2517 | D:3      | Noticed Torax's ghost (weakling SpCj)
  2525 | D:3      | Killed Torax's ghost
  2525 | D:3      | Reached skill level 5 in Spellcasting
  3345 | D:4      | Noticed Duvessa
  3345 | D:4      | Noticed Dowan
  3680 | D:4      | Noticed Robin
  3692 | D:4      | Killed Robin
  4180 | D:4      | Reached skill level 5 in Air Magic
  4180 | D:4      | Reached XP level 6. HP: 14/34 MP: 8/15
  4504 | D:4      | Reached skill level 1 in Short Blades
  4510 | D:4      | HP: 1/34 [bullfrog skeleton (7)]
  4515 | D:4      | Killed from afar by themself

Skill      XL: |  1  2  3  4  5  6 |
---------------+-------------------+-----
Fighting       | 1 |  1.5
Spellcasting   | 4 5 |  5.1
Air Magic      | 4 5 |  5.2
Dodging        | 3 |  3.3
Short Blades   | 1 |  1.0
Stealth        | |  2.4
Conjurations   | |  1.1

Action                   |  1- 3 |  4- 6 || total
-------------------------+-------+-------++-------
Melee: Unarmed           |     1 |       ||     1
       Dagger            |       |    47 ||    47
 Cast: Shock             |    64 |   116 ||   180
       Static Discharge  |       |     8 ||     8
  Use: Scroll            |     3 |     5 ||     8
       Potion            |       |     2 ||     2
  Eat: Chunk             |     1 |     6 ||     7
       Ration            |       |     1 ||     1
Armor: Robe              |       |    10 ||    10
Dodge: Dodged            |    15 |    46 ||    61
